 Dungeon Crawl Stone Soup version 0.18.1-50-g88ac8fd (webtiles) character file.

5 ololoev the Firebug (level 1, 3/10 HPs)
             Began as a Deep Elf Fire Elementalist on Oct 26, 2016.
             Quit the game on level 4 of the Dungeon.
             The game lasted 00:01:00 (92 turns).

ololoev the Firebug (Deep Elf Fire Elementalist)      Turns: 92, Time: 00:01:01

Health: 3/10       AC:  2    Str:  5    XL:     1   Next: 66%
Magic:  0/6        EV: 13    Int: 19    God:
Gold:   11         SH:  0    Dex: 15    Spells: 1 memorised, 5 levels left

rFire  . . .     SeeInvis .     (no weapon)
rCold  . . .     Gourm    .     a - +0 robe
rNeg   . . .     Faith    .     (no shield)
rPois  .         Spirit   .     (no helmet)
rElec  .         Dismiss  .     (no cloak)
rCorr  .         Reflect  .     (no gloves)
SustAt .         Harm     .     (no boots)
MR     .....                    (no amulet)
Stlth  ++........               (no ring)
                                (no ring)

@: lethally poisoned (3 -> -10), very slightly contaminated, not resistant to
hostile enchantments, unstealthy
A: no striking features
a: no special abilities

Inventory:

Armour
 a - a +0 robe (worn)
Scrolls
 d - a scroll of fog {unknown}
Books
 b - a book of Flames

   Spells                             Type                      Level
   a - Flame Tongue                   Conjuration/Fire             1
   b - Throw Flame                    Conjuration/Fire             2
   c - Conjure Flame                  Conjuration/Fire             3
   d - Inner Flame                    Hexes/Fire                   3
   e - Sticky Flame                   Conjuration/Fire             4
   f - Fireball                       Conjuration/Fire             5
Comestibles
 c - a bread ration


   Skills:
 - Level 2.4 Dodging
 - Level 2.4 Stealth
 + Level 3.3 Spellcasting
 + Level 1.2 Conjurations
 + Level 3.4 Fire Magic


You had 5 spell levels left.
You knew the following spells:

 Your Spells              Type           Power        Failure   Level  Hunger
a - Flame Tongue          Conj/Fire      ##...        8%          1    None


You were on level 4 of the Dungeon.
You were not hungry.

You visited 1 branch of the dungeon, and saw 4 of its levels.

You collected 11 gold pieces.

### #<# ##.##
#### ##...##
.....
#..#..#..#...
#.###...###.
#..#.....#...
##.@a###...##
##...# .....
.........>.
..#..#..#...
#.###...###..
#..#..#..#.
.....###...
#### ## .#

Notes
Turn   | Place    | Note
--------------------------------------------------------------
     0 | D:1      | ololoev the Deep Elf Fire Elementalist began the quest for the Orb.
     0 | D:1      | Reached XP level 1. HP: 10/10 MP: 6/6
    19 | D:2      | Iwannabefree: rip
    35 | D:2      | Iwannabefree: там насильникам сычевой по девять лет дали
    41 | D:2      | Iwannabefree: правосудие
    41 | D:2      | ololoev: xz kto takaya
    80 | D:4      | Iwannabefree: в танке живешь?
    80 | D:4      | ololoev: yep!
    85 | D:4      | Noticed a worker ant
    92 | D:4      | Quit the game

Dungeon Overview and Level Annotations

Branches:
Dungeon (4/15)
 Temple: D:4-7

Altars:


Message History

You see here a hand axe.
There is a stone staircase leading down here.
You climb downwards.
There is a stone staircase leading up here.
Found a stone staircase leading up.
There is a stone staircase leading up here.
You climb upwards.
A bat comes into view.
Found 11 gold pieces.
There is a stone staircase leading down here.
Casting: Flame Tongue
Confirm with . or Enter, or press ? or * to list all spells.
Aiming: Flame Tongue
Press: ? - help, Shift-Dir - straight line, f - bat
Aim: a bat (resting)
The flame tongue hits the bat.
You kill the bat!
You now have 11 gold pieces.
There is a stone staircase leading down here.
You climb downwards.
There is a stone staircase leading up here.
Found a stone staircase leading down.
There is a stone staircase leading down here.
You climb downwards.
A quokka skeleton comes into view.
There is a stone staircase leading up here.
Found 10 gold pieces.
Found a stone staircase leading down.
Casting: Flame Tongue
Confirm with . or Enter, or press ? or * to list all spells.
Aiming: Flame Tongue
Press: ? - help, Shift-Dir - straight line, f - quokka skeleton
Aim: a quokka skeleton The flame tongue hits the quokka skeleton.
You destroy the quokka skeleton!
Casting: Flame Tongue
Confirm with . or Enter, or press ? or * to list all spells.
You can't see any susceptible monsters within range! (Use Z to cast anyway.)
A worker ant comes into view.
You see here 10 gold pieces.
Casting: Flame Tongue
Confirm with . or Enter, or press ? or * to list all spells.
Aiming: Flame Tongue
Press: ? - help, Shift-Dir - straight line, f - worker ant
Aim: a worker ant (resting)
You miscast Flame Tongue.
You are very lightly contaminated with residual magic.
Sparks fly from your hands!
Casting: Flame Tongue
Confirm with . or Enter, or press ? or * to list all spells.
Aiming: Flame Tongue
Press: ? - help, Shift-Dir - straight line, f/p - worker ant
Aim: a worker ant (resting)
The flame tongue hits the worker ant.
The worker ant appears unharmed.
The worker ant twitches its antennae in your direction.
Casting: Flame Tongue
Confirm with . or Enter, or press ? or * to list all spells.
Aiming: Flame Tongue
Press: ? - help, Shift-Dir - straight line, f/p - worker ant
Aim: a worker ant The flame tongue hits the worker ant.
The worker ant appears unharmed.
The worker ant closely misses you.
Casting: Flame Tongue
Confirm with . or Enter, or press ? or * to list all spells.
Aiming: Flame Tongue
Press: ? - help, Shift-Dir - straight line, f/p - worker ant
Aim: a worker ant The flame tongue hits the worker ant.
The worker ant is moderately wounded.
The worker ant barely misses you.
Casting: Flame Tongue
Confirm with . or Enter, or press ? or * to list all spells.
Aiming: Flame Tongue
Press: ? - help, Shift-Dir - straight line, f/p - worker ant
Aim: a worker ant (moderately wounded)
The flame tongue hits the worker ant.
The worker ant is heavily wounded.
The worker ant bites you!
Ouch! That really hurt!
You are lethally poisoned!
The worker ant poisons you!
Are you sure you want to abandon this character and quit the game? (Confirm with "yes".)

You could see a worker ant.

Vanquished Creatures
  A dart slug (D:2)
  A bat (D:2)
  A giant newt (D:2)
  A quokka skeleton (D:4)
  A rat (D:2)
5 creatures vanquished.

Action                   || total
-------------------------++-------
 Cast: Flame Tongue      ||    11
Dodge: Dodged            ||     2

Vault maps used:
D:1:      dpeg_arrival_fog, minmay_misc_feat_tiny
D:2:      amethyst_overflow_temple_binary, first_bread, grunt_decor_arrowhead,
          lightli_corner_chamber, uniq_natasha, uniq_sigmund
D:3:      marbit_many_paths, okawaru_gym_becter, nicolae_overflow_crystal_walls,
          minmay_misc_feat_more_columns
D:4:      nicolae_dithmenos_shadow_blocks, corexii_corridor_pit,
          minmay_strange_pillars, uniq_grinder, uniq_crazy_yiuf_cottage
